 Dungeon Crawl Stone Soup version 0.27-a0-1256-gced786f65e (webtiles) character file.

Game seed: 12719934456316799974

46 freelancePsychic the Skirmisher (level 3, 0/28 HPs)
             Began as a Demonspawn Warper on June 10, 2021.
             Slain by Terence
             ... wielding a +0 hand axe
              (7 damage)
             ... on level 2 of the Dungeon.
             The game lasted 00:03:38 (1572 turns).

freelancePsychic the Skirmisher (Demonspawn Warper) Turns: 1572, Time: 00:03:39

Health: 0/28       AC:  3    Str: 12    XL:     3   Next: 46%
Magic:  6/6        EV: 12    Int: 14    God:
Gold:   85         SH:  0    Dex: 12    Spells: 6/6 levels left

rFire    . . .     SeeInvis .   f - +3 dagger
rCold    . . .     Faith    .   (no shield)
rNeg     . . .     Spirit   .   a - +0 leather armour
rPois    .         Reflect  .   (no helmet)
rElec    .         Harm     .   (no cloak)
rCorr    .         Rampage  .   (no gloves)
Will     .....                  (no boots)
Stlth    +.........             (no amulet)
HPRegen  0.09/turn              (no ring)
MPRegen  0.10/turn              (no ring)

@: mighty
A: talons 2, wild magic 1
a: no special abilities


You were on level 2 of the Dungeon.
You visited 1 branch of the dungeon, and saw 2 of its levels.

You collected 85 gold pieces.

Inventory:

Hand Weapons
 f - a +3 dagger (weapon)
Missiles
 e - a boomerang (quivered)
 m - 2 javelins
Armour
 a - a +0 leather armour (worn)
Jewellery
 i - a +4 ring of protection
Wands
 k - a wand of acid (7)
Scrolls
 c - a scroll of blinking
 h - 2 scrolls of identify {unknown}
 j - 2 scrolls of teleportation {unknown}
 l - a scroll of enchant armour {unknown}
Potions
 g - 2 potions of mutation
 n - a potion of haste {unknown}


   Skills:
 + Level 2.7 Fighting
 * Level 1.4 Short Blades
 - Level 0.8 Throwing
 - Level 0.8 Armour
 + Level 2.5 Dodging
 - Level 1.7 Unarmed Combat
 - Level 2.0 Spellcasting
 - Level 2.6 Translocations


You had 6 spell levels left.
You didn't know any spells.
Your spell library contained the following spells:

 Spells                   Type           Power      Damage    Failure   Level
 Blink                    Tloc           N/A        N/A       22%         2
 Gell's Gravitas          Tloc           5%         N/A       38%         3
 Lesser Beckoning         Tloc           5%         N/A       38%         3
 Teleport Other           Tloc           11%        N/A       38%         3
 Confusing Touch          Hex            1%         N/A       73%         3
 Manifold Assault         Tloc           11%        N/A       97%         5
 Petrify                  Tmut/Erth      1%         N/A       98%         4
 Metabolic Englaciation   Hex/Ice        0%         N/A       100%        5
 Yara's Violent Unravell  Hex/Tmut       0%         3d3       100%        5


Dungeon Overview and Level Annotations

Branches:
Dungeon (2/15)

Altars:
Xom

Shops:
D:1 [

Annotations:
D:2 Terence


Innate Abilities, Weirdness & Mutations

You have razor-sharp toenails.
Your spells are a little harder to cast, but a little more powerful.


Message History

Terence is heavily wounded.
Terence misses you.
You closely miss Terence.
Terence is heavily wounded.
Terence closely misses you.
You hit Terence but do no damage. You claw Terence, but do no damage.
Terence is heavily wounded.
Terence hits you with a +0 hand axe.
It was a potion of mutation.
You feel extremely strange.
You feel less in control of your magic.
Your toenails lengthen and sharpen.
Terence hits you but does no damage.
You barely miss Terence.
Terence is heavily wounded.
Terence barely misses you.
You barely miss Terence. Your kick misses Terence.
Terence is heavily wounded.
Terence hits you with a +0 hand axe.
You barely miss Terence.
Terence is heavily wounded.
Terence hits you but does no damage.
You hit Terence but do no damage. You claw Terence.
Terence is heavily wounded.
Terence hits you with a +0 hand axe!
A kobold comes into view. It is wielding a +0 club.
The kobold shouts!
Terence hits you with a +0 hand axe.
* * * LOW HITPOINT WARNING * * *
Terence barely misses you.
Okay, then.
You hit Terence but do no damage.
Terence is heavily wounded.
Terence closely misses you.
You hit Terence.
Terence is heavily wounded.
Terence hits you with a +0 hand axe.
* * * LOW HITPOINT WARNING * * *
It was a potion of might.
You feel very mighty all of a sudden. Terence hits you with a +0 hand axe!
You die...

#......# #...#....
......#.##...###...#.##.
.....#...............#.
....####....###....... ...#
##.#...##.#..## ..#
###.#.#.##.#.... ##### #####.#
#.....#..#....##
.....##.....###........###...#
...........K@@..###...........
.?......._..#######....####..#
............# #............#
............### #......##.....
....##.......#........###.###
... #.......#.#.......... #
#.!........##.#.##### #
#.......... #...# #
#..........######


You could see Terence and a kobold.

Vanquished Creatures
  An adder (D:2)
  A dart slug (D:2)
  3 ball pythons (D:1)
  3 endoplasms
  4 giant cockroaches
  2 goblins (D:1)
  2 hobgoblins
  5 kobolds (D:1)
  2 quokkas (D:1)
  6 bats
  A frilled lizard (D:1)
  3 rats (D:1)
33 creatures vanquished.

Notes
Turn   | Place    | Note
-------+----------+-------------------------------------------
     0 | D:1      | freelancePsychic the Demonspawn Warper began the quest for
                  | the Orb.
     0 | D:1      | Reached XP level 1. HP: 16/16 MP: 3/3
   250 | D:1      | Found Zopis's Antique Armour Emporium.
   320 | D:1      | Gained mutation: You have sharp toenails. [demonic
                  | ancestry]
   320 | D:1      | Reached XP level 2. HP: 23/23 MP: 5/5
   715 | D:1      | Found a faded altar of an unknown god.
   960 | D:1      | Reached skill level 1 in Short Blades
   966 | D:1      | Reached XP level 3. HP: 28/28 MP: 6/6
  1532 | D:2      | Found a shimmering altar of Xom.
  1544 | D:2      | Noticed Terence
  1558 | D:2      | Gained mutation: Your spells are a little harder to cast,
                  | but a little more powerful. [potion of mutation]
  1558 | D:2      | Gained mutation: You have razor-sharp toenails. [potion of
                  | mutation]
  1572 | D:2      | Slain by Terence

Illustrated notes

Levels and vault maps discovered:
D:1:      dpeg_arrival_renting, layout_loops_ring, basic_ecumenical_altar,
          serial_shops, nicolae_shop_waterfront, nrook_uturn
D:2:      layout_basic, basic_altar, uniq_terence

Skill      XL: |  1  2 |
---------------+-------+-----
Dodging        | 2 |  2.5
Short Blades   | 1 |  1.4
Fighting       | |  2.7
Throwing       | |  0.8
Armour         | |  0.8
Unarmed Combat | |  1.7
Spellcasting   | |  2.0
Translocations | |  2.6

Action                   || total
-------------------------++-------
Melee: Unarmed           ||    17
       Dagger            ||    81
       Kick              ||    14
Throw: Boomerang         ||    36
  Use: Potion            ||     2
Armor: Leather armour    ||    31
Dodge: Dodged            ||    68

Table legend: (Time is in decaauts)
 A = Elapsed time spent in this place.
 B = Non-inter-level travel time spent in this place.
 C = Inter-level travel time spent in this place.
 D = Time resting spent in this place.
 E = Time spent auto-exploring this place.
 F = Levels seen in this place.
 G = Mean time per level.
                   A        B        C        D        E       F      G
               +--------+--------+--------+--------+--------+-----+--------+
         Total |   1580 |   1508 |     72 |      0 |   1247 |   2 |  790.0 |
       Dungeon |   1580 |   1508 |     72 |      0 |   1247 |   2 |  790.0 |
               +--------+--------+--------+--------+--------+-----+--------+

Top non-repeatable levels by time:
     D:1: 1194 daAuts
     D:2: 385 daAuts
